 Dungeon Crawl Stone Soup version 0.30.1-11-g7821555f0a (webtiles) character file.

Game seed: 1912842158737765951

90 Okkudo the Chopper (level 4, 0/40 HPs)
             Began as a Hill Orc Monk on Dec 3, 2023.
             Slain by an iguana (6 damage)
             ... on level 4 of the Dungeon.
             The game lasted 00:07:05 (2490 turns).

Okkudo the Chopper (Hill Orc Monk)                  Turns: 2490, Time: 00:07:05

Health: 0/40       AC: 13    Str: 15    XL:     4   Next: 56%
Magic:  4/4        EV:  7    Int: 10    God:
Gold:   155        SH:  4    Dex: 13    Spells: 3/3 levels left

rFire   . . .        a - +0 hand axe
rCold   . . .        j - +0 buckler
rNeg    . . .        f - +0 chain mail
rPois   .            m - +0 helmet
rElec   .            (no cloak)
rCorr   +            n - +2 pair of gloves
SInv    .            l - +0 pair of boots
Will    +....        (no amulet) Stlth
                     d - ring of resist corrosion
HPRegen 0.26/turn    t - ring of willpower
MPRegen 0.09/turn

%: no passive effects
@: no status effects
A: no striking features
a: no special abilities


You were on level 4 of the Dungeon.
You visited 1 branch of the dungeon, and saw 4 of its levels.

You collected 155 gold pieces.

Inventory:

Hand Weapons
 a - a +0 hand axe (weapon)
Missiles
 w - 4 javelins (quivered)
 z - 6 poisoned darts
Armour
 f - a +0 chain mail (worn)
 j - a +0 buckler (worn)
 l - a +0 pair of boots (worn)
 m - a +0 helmet (worn)
 n - a +2 pair of gloves (worn)
Jewellery
 d - a ring of resist corrosion (left hand)
 t - a ring of willpower (right hand)
Scrolls
 b - 3 scrolls of vulnerability {unknown}
 e - 3 scrolls of poison {unknown}
 h - 3 scrolls of identify {unknown}
 k - a scroll of teleportation {unknown}
 s - 3 scrolls of torment {unknown}
 v - a scroll of fear {unknown}
 x - a scroll of enchant armour {unknown}
 y - a scroll of brand weapon {unknown}
Potions
 c - a potion of ambrosia
 g - 2 potions of curing {unknown}
 i - 2 potions of degeneration {unknown}
 o - a potion of heal wounds {unknown}
 p - 2 potions of mutation {unknown}
 q - a potion of cancellation {unknown}
 r - a potion of experience {unknown}
 u - a potion of flight {unknown}


   Skills:
 - Level 4.2 Fighting
 * Level 5.6 Axes
 - Level 2.8 Dodging
 + Level 1.3 Shields


You had 3 spell levels left.
You didn't know any spells.
Your spell library was empty.

Dungeon Overview and Level Annotations

Branches:
Dungeon (4/15)
 Temple: D:4-7

Altars:
Nemelex Xobeh
Qazlal
Wu Jian

Shops:
D:3 [


Message History

The iguana bites you.
You hit the iguana but do no damage.
The iguana is lightly wounded.
The iguana bites you but does no damage.
You hit the iguana but do no damage.
The iguana is lightly wounded.
You block the iguana's attack.
You hit the iguana but do no damage.
The iguana is lightly wounded.
The iguana bites you.
You barely miss the iguana.
The iguana is lightly wounded.
The iguana bites you but does no damage.
You hit the iguana but do no damage.
The iguana is lightly wounded.
You block the iguana's attack.
You barely miss the iguana.
The iguana is lightly wounded.
The iguana barely misses you.
You closely miss the iguana.
The iguana is lightly wounded.
The iguana bites you.
* * * LOW HITPOINT WARNING * * *
You hit the iguana but do no damage.
The iguana is lightly wounded.
The iguana barely misses you.
You closely miss the iguana.
The iguana is lightly wounded.
The iguana bites you.
* * * LOW HITPOINT WARNING * * *
The iguana bites you.
* * * LOW HITPOINT WARNING * * *
You hit the iguana.
The iguana is lightly wounded.
The iguana bites you.
* * * LOW HITPOINT WARNING * * *
You barely miss the iguana.
The iguana is lightly wounded.
The iguana bites you.
You die...

.. ## ## #. .#
.... .. .#. .##
..#.. #.####<..
......†.#
#######l#####.#.
........@.......
#######.#####.##
#<# ###


You could see an iguana.

Vanquished Creatures
  2 adders
  2 worms
  4 orcs (D:3)
  6 ball pythons
  6 bats
  4 endoplasms
  4 giant cockroaches
  4 hobgoblins
  4 jackals (D:1)
  3 kobolds
  2 quokkas
  5 frilled lizards
  6 goblins
  5 rats
57 creatures vanquished.

Notes
Turn   | Place    | Note
-------+----------+-------------------------------------------
     0 | D:1      | Okkudo the Hill Orc Monk began the quest for the Orb.
     0 | D:1      | Reached XP level 1. HP: 19/19 MP: 1/1
   103 | D:1      | Reached XP level 2. HP: 17/27 MP: 2/2
   313 | D:1      | Reached XP level 3. HP: 33/33 MP: 3/3
   940 | D:2      | Reached skill level 5 in Axes
  1087 | D:2      | Reached XP level 4. HP: 40/40 MP: 4/4
  1528 | D:3      | Reached skill level 1 in Shields
  1768 | D:3      | Found Rioroecs's Armour Emporium.
  1788 | D:3      | Found a stormy altar of Qazlal.
  1819 | D:3      | Found an ornate altar of the Wu Jian Council.
  1819 | D:3      | Found a sparkling altar of Nemelex Xobeh.
  2490 | D:4      | Slain by an iguana

Illustrated notes

Levels and vault maps discovered:
D:1:      minmay_arrival_split_and_join, layout_basic
D:2:      layout_basic
D:3:      layout_basic, nicolae_qazlal_general_emergency, minitemple,
          serial_shops, nicolae_shop_window_shopping, minmay_crystal_room
D:4:      layout_loops_ring, kennysheep_little_box,
          gammafunk_temple_overflow_forgotten,
          chequers_temple_overflow_minitemple

Skill      XL: |  1  2  3  4 |
---------------+-------------+-----
Fighting       | 4 |  4.2
Axes           | 5 |  5.6
Shields        | 1 |  1.3
Dodging        | |  2.8

Action                     |  1- 3 |  4- 6 || total
---------------------------+-------+-------++-------
  Melee: Hand axe          |   100 |    65 ||   165
 Armour: Robe              |     2 |       ||     2
         Chain mail        |    68 |    27 ||    95
  Dodge: Dodged            |    49 |    18 ||    67
  Block: Buckler           |     5 |    11 ||    16
